Map: Mech-Depot LE

Players

Panda

  • Race: Zerg Zerg
  • League: Diamond
  • Spawn Location: 7:00

Case - Winner!

  • Race: Zerg Zerg
  • League: Diamond
  • Spawn Location: 1:00

VOD

Have the link to the VOD?

Description

Time

  • Played on: Sept. 8, 2017, 2:55 p.m.
  • Length: 13:16
Show
View Real Time Build Order
Export as new Build Order

Panda Zerg 

Build Orders: Pool First, Zergling Baneling 

Get SALT Encoding   

  12  0:01  Drone  
  13  0:14  Extractor  
  12  0:25  Spawning Pool  
  12  0:28  Drone  
  12  0:33  Drone  
  13  0:40  Drone  
  14  0:48  Overlord  
  14  1:12  Zergling x6  
  14  1:17  Metabolic Boost  
  17  1:23  Zergling x2  
  18  1:33  Zergling x2  
  19  1:42  Baneling Nest  
  19  1:45  Zergling x2  
  19  1:53  Queen  
  21  1:55  Zergling x2  
  22  2:06  Overlord  
  21  2:35  Baneling x2  
  21  2:36  Zergling x2  
  21  2:37  Zergling x2  
  23  2:40  Zergling x2  
  23  2:50  Zergling x2  
  20  3:09  Zergling x2  
  21  3:19  Zergling x2  
  21  3:29  Baneling  
  21  3:30  Baneling x2  
  21  3:31  Zergling x2  
  22  3:39  Zergling x2  
  23  3:48  Zergling x2  
  23  3:49  Zergling x4  
  23  3:58  Zergling x2  
  22  4:09  Baneling  
  22  4:10  Zergling x2  
  21  4:24  Zergling x2  
  21  4:25  Zergling x2  
  23  4:33  Zergling x2  
  23  4:46  Baneling x3  
  23  4:47  Baneling  
  23  4:48  Baneling  
  23  4:50  Zergling x4, Baneling  
  23  4:51  Zergling x2  
  26  5:03  Zergling x2  
  20  5:31  Baneling x2  
  20  5:34  Baneling x2  
  20  5:35  Zergling x4  
  21  5:36  Overlord x2  
  21  6:00  Zergling x6  
  21  6:07  Baneling x2  
  21  6:08  Zergling x2  
  21  6:32  Baneling x2  
  19  6:39  Drone x3  
  22  6:42  Baneling x2  
  22  6:45  Hatchery  
  21  6:52  Drone  
  22  6:59  Drone  
  23  7:12  Drone x3  
  23  7:15  Extractor  
  25  7:21  Roach Warren  
  24  7:27  Queen  
  26  7:30  Drone x2  
  28  7:38  Baneling  
  27  7:51  Zergling x2  
  27  7:52  Zergling x4  
  27  7:56  Drone  
  31  8:02  Roach  
  33  8:08  Drone  
  27  8:37  Drone x3  
  30  8:44  Roach x7  
  44  8:53  Spine Crawler  
  43  8:56  Drone  
  43  8:57  Spine Crawler  
  43  9:12  Overlord x2  
  43  9:16  Evolution Chamber  
  42  9:20  Drone  
  42  9:21  Drone  
  44  9:32  Drone x10  
  54  9:41  Evolution Chamber  
  54  9:43  Lair  
  52  9:51  Spine Crawler  
  51  9:53  Drone  
  51  9:54  Drone x2  
  51  9:56  Extractor  
  51  9:57  Extractor  
  52  10:07  Zerg Ground Armor Level 1  
  52  10:08  Zerg Missile Weapons Level 1  
  52  10:13  Drone x3  
  55  10:22  Drone x2  
  55  10:23  Overlord  
  55  10:24  Overlord  
  57  10:47  Roach x6  
  69  10:50  Glial Reconstitution  
  69  11:05  Roach x3  
  69  11:10  Overlord x2  
  75  11:37  Roach x4  
  83  12:02  Overlord  
  83  12:03  Overlord x3  
  83  12:15  Hatchery  
  82  12:27  Ravager x2  
  82  12:28  Ravager x5  
  82  12:29  Ravager  
  90  12:32  Hatchery  
  90  12:34  Roach  
  90  12:35  Roach x2  
Show
View Real Time Build Order
Export as new Build Order

Case Zerg - Winner!

Build Orders: Hatch First 

Get SALT Encoding   

  12  0:00  Drone  
  13  0:12  Overlord  
  13  0:17  Drone  
  14  0:32  Drone x2  
  14  0:34  Drone  
  17  0:53  Hatchery  
  17  0:56  Drone  
  17  1:00  Drone  
  18  1:14  Spawning Pool  
  18  1:18  Extractor  
  16  1:19  Drone  
  16  1:22  Drone  
  18  1:28  Drone  
  19  1:38  Overlord  
  19  1:50  Drone  
  20  2:01  Queen, Zergling x2  
  21  2:06  Queen, Zergling x2  
  26  2:11  Zergling x2  
  26  2:15  Spine Crawler  
  26  2:16  Zergling x2  
  25  2:33  Zergling x4  
  25  2:36  Zergling x2  
  28  2:42  Zergling x2  
  27  2:46  Zergling x2  
  27  2:48  Zergling x2  
  27  3:01  Queen  
  25  3:19  Zergling x6  
  28  3:22  Queen  
  28  3:31  Zergling x8  
  26  3:59  Zergling x4  
  26  4:00  Queen, Zergling x2  
  29  4:10  Metabolic Boost  
  29  4:13  Zergling x4  
  31  4:18  Zergling x4  
  32  4:30  Zergling x8  
  36  4:34  Zergling x2  
  36  4:37  Zergling x2  
  35  4:50  Roach Warren  
  34  4:57  Queen  
  36  5:00  Overlord  
  36  5:12  Baneling Nest  
  32  5:25  Drone  
  32  5:26  Drone x2  
  32  5:27  Drone  
  30  5:38  Drone x3  
  33  5:44  Drone  
  33  5:47  Drone  
  30  6:01  Zergling x4  
  30  6:02  Zergling x2  
  30  6:03  Zergling x4  
  33  6:10  Zergling x4  
  35  6:17  Roach  
  35  6:18  Roach  
  37  6:29  Drone  
  31  6:34  Drone  
  31  6:35  Drone x2  
  34  6:41  Drone  
  35  7:00  Drone  
  36  7:05  Drone  
  37  7:08  Drone x2  
  37  7:09  Drone x2  
  41  7:20  Drone x3  
  41  7:22  Overlord  
  44  7:50  Roach x2  
  44  7:51  Roach, Drone x4  
  48  7:55  Overlord x2  
  48  7:56  Overlord  
  52  8:00  Baneling x2  
  52  8:01  Baneling x3  
  52  8:02  Baneling  
  46  8:35  Roach x11  
  66  8:41  Drone  
  67  9:00  Extractor  
  67  9:02  Drone x4  
  68  9:10  Roach x2  
  68  9:11  Roach x2  
  68  9:16  Extractor  
  75  9:17  Drone  
  75  9:18  Extractor  
  75  9:23  Overlord x2  
  75  9:25  Drone  
  75  9:45  Ravager x2  
  77  9:47  Overlord  
  77  9:49  Drone x2  
  77  9:50  Drone x2  
  77  9:51  Drone x2  
  83  9:54  Hatchery  
  82  10:02  Roach x3  
  82  10:03  Roach x2  
  92  10:17  Lair  
  92  10:23  Evolution Chamber  
  92  10:24  Evolution Chamber  
  92  10:27  Ravager x2  
  92  10:42  Roach x2  
  96  10:43  Roach x2  
  100  10:51  Zerg Missile Weapons Level 1  
  100  11:00  Overlord  
  100  11:01  Overlord x5  
  100  11:11  Extractor x2  
  98  11:23  Roach x2  
  98  11:24  Roach x5  
  98  11:25  Roach  
  114  11:31  Hydralisk Den  
  113  11:33  Drone x2  
  113  11:36  Drone  
  116  11:50  Drone x6  
  116  11:51  Drone  
  116  11:53  Ravager x2  
  125  11:54  Ravager  
  126  12:04  Muscular Augments  
  126  12:05  Hydralisk  
  126  12:23  Ravager x3  
  126  12:26  Drone x5  
  126  12:27  Drone x2  
Tags
 
Matchup
ZvZ
Race
Zerg
Replay Pack
replays1
Spawn Locations
Cross Positions
Add a new tag
Caveats
  • Supply blocks, unpowered buildings, or Contaminate may cause inaccurate times.
  • Supply counts are checked every 10 seconds.